 Dungeon Sprint DCSS version 0.22.1-1-ga44c0e56f4 (webtiles) character file.

1883 MuseOD the Impaler (level 9, -4/85 HPs)
             Began as a Merfolk Berserker on Oct 7, 2018.
             Was an Elder of Trog.
             Slain by a polar bear (5 damage)
             ... in the Dungeon (Sprint II: "The Violet Keep of Menkaure").
             The game lasted 00:01:15 (304 turns).

MuseOD the Impaler (Merfolk Berserker)               Turns: 304, Time: 00:01:16

Health: -4/85      AC:  2    Str: 20    XL:     9   Next: 14%
Magic:  9/9        EV: 18    Int:  2    God:    Trog [****..]
Gold:   729        SH:  0    Dex: 14    Spells: 8/8 levels left

rFire    . . .     SeeInvis .   a - +0 spear
rCold    . . .     Gourm    .   (no shield)
rNeg     . . .     Faith    .   b - +0 animal skin
rPois    .         Spirit   .   (no helmet)
rElec    .         Reflect  .   (no cloak)
rCorr    .         Harm     .   (no gloves)
MR       .....     NoTele   +   (no boots)
Stlth    ++........             (no amulet)
HPRegen  0.24/turn              (no ring)
MPRegen  0.11/turn              (no ring)

@: berserk cooldown, slowed, very slow
A: change form in water, swift swim, stealthy swim, blurry vision 1, dopey 2
a: Berserk, Trog's Hand, Brothers in Arms, Renounce Religion


You were in the Dungeon.
You worshipped Trog.
Trog was greatly pleased with you.
You were very hungry.

You visited 1 branch You collected 729 gold pieces.

Inventory:

Hand Weapons
 a - a +0 spear (weapon)
Armour
 b - a +0 animal skin (worn)
Scrolls
 i - a scroll of blinking
Potions
 d - a potion of curing
 f - a potion of haste
 g - 2 potions of magic
 h - a potion of berserk rage
Comestibles
 c - a ration
 j - 7 chunks of flesh


   Skills:
 + Level 13.5 Fighting
 + Level 17.1 Polearms
 + Level 5.2 Armour
 + Level 9.1 Dodging
 + Level 0.8 Stealth


You had 8 spell levels left.
You didn't know any spells.
Your spell library was empty.

Dungeon Overview and Level Annotations

Branches:
Dungeon (1/1)

Altars:
Cheibriados
Dithmenos
Elyvilon
Fedhas
Gozag
Kikubaaqudgha
Makhleb
Nemelex Xobeh
Okawaru
Sif Muna
Trog
Uskayaw
Vehumet
Xom
Yredelemnul
Zin
Jiyva
Lugonu


Innate Abilities, Weirdness & Mutations

You revert to your normal form in water.
You are very nimble and swift while swimming.
You are very stealthy in the water. (Stealth+)
Scrolls take you a little longer to read.
You are very dopey. (Int -4)


Message History

The polar bear claws you.
* * * LOW HITPOINT WARNING * * *
The polar bear claws you.
* * * LOW HITPOINT WARNING * * *
You can move again.
Items here: ( ) ††† an arbalest; 16 bolts; a hornet corpse; a polar bear corpse x2
You feel much better. The polar bear bites you.
* * * LOW HITPOINT WARNING * * *
The polar bear completely misses you. x2; The polar bear bites you!!
* * * LOW HITPOINT WARNING * * *
The polar bear completely misses you. The polar bear claws you.
* * * LOW HITPOINT WARNING * * *
Okay, then.
Your ogre goes berserk!
You are feeling very hungry.
Trog will no longer gift you weapons. The polar bear closely misses you.
The polar bear barely misses you. The polar bear claws you.
You die...

+##.. #. #.##.#### +.###
#..# ...# ...#### .#
###..## #..##$#
'###.##..# +..#..#
.##...#..# #..#..#
<.')#.+..####..##h#
.##...#....###..@##▓▓
'###.##......≈≈≈≈O≈≈≈≈≈≈
..####§§...§.§#+########
##.#≈§§≈≈§≈..§#_._.....#
##≈≈≈≈≈§§§.≈#._._....#
#≈≈≈≈§≈§§§≈≈#_._._...#
≈≈≈≈≈≈≈≈≈§≈§≈#._._._..#
+++#≈§≈§≈§§§≈#_._._._.#
##≈≈≈###≈≈#._._._


You could see a polar bear and a friendly ogre (berserk).

Vanquished Creatures
  A merfolk siren (D)
  A yaktaur (D)
  2 polar bears (D)
  A hornet (D)
  Menkaure (D)
  4 neqoxecs (D)
  4 worker ants (D)
14 creatures vanquished.

Vanquished Creatures (others)
  A crocodile (D)
1 creature vanquished.

Grand Total: 15 creatures vanquished

Notes
Turn   | Place    | Note
-------+----------+-------------------------------------------
     0 | D        | MuseOD the Merfolk Berserker began the quest for the Orb.
     0 | D        | Reached XP level 1. HP: 18/18 MP: 1/1
     1 | D        | Noticed a merfolk siren
     9 | D        | Killed a merfolk siren
     9 | D        | Reached skill level 12 in Polearms
     9 | D        | Reached XP level 2. HP: 35/35 MP: 2/2
     9 | D        | Reached XP level 3. HP: 41/41 MP: 3/3
     9 | D        | Reached XP level 4. HP: 47/47 MP: 4/4
     9 | D        | Reached XP level 5. HP: 53/53 MP: 5/5
     9 | D        | Reached XP level 6. HP: 60/60 MP: 6/6
    25 | D        | Noticed Menkaure
    29 | D        | Killed Menkaure
    29 | D        | Reached ** piety under Trog
    29 | D        | Reached skill level 10 in Fighting
    29 | D        | Reached skill level 13 in Polearms
    29 | D        | Reached XP level 7. HP: 53/66 MP: 7/7
    96 | D        | Reached *** piety under Trog
   161 | D        | Noticed a neqoxec
   161 | D        | Noticed a neqoxec
   161 | D        | Noticed a neqoxec
   161 | D        | Noticed a neqoxec
   161 | D        | Gained mutation: You are dopey. (Int -2) [a neqoxec]
   165 | D        | Killed a neqoxec
   165 | D        | Reached skill level 14 in Polearms
   169 | D        | Killed a neqoxec
   169 | D        | Gained mutation: You are very dopey. (Int -4) [a neqoxec]
   176 | D        | Killed a neqoxec
   176 | D        | Reached **** piety under Trog
   176 | D        | Reached skill level 15 in Polearms
   176 | D        | Reached XP level 8. HP: 76/76 MP: 8/8
   180 | D        | Gained mutation: Scrolls take you a little longer to read.
                  | [a neqoxec]
   224 | D        | Found an iron altar of Okawaru.
   224 | D        | Found a radiant altar of Vehumet.
   224 | D        | Found a glowing silver altar of Zin.
   225 | D        | Found a sparkling altar of Nemelex Xobeh.
   225 | D        | Found a hide-covered altar of Uskayaw.
   226 | D        | Found an opulent altar of Gozag.
   226 | D        | Found a burning altar of Makhleb.
   226 | D        | Found a bloodstained altar of Trog.
   227 | D        | Found a blossoming altar of Fedhas.
   227 | D        | Found a corrupted altar of Lugonu.
   227 | D        | Found a basalt altar of Yredelemnul.
   227 | D        | Found a deep blue altar of Sif Muna.
   228 | D        | Found a shimmering altar of Xom.
   230 | D        | Found a white marble altar of Elyvilon.
   230 | D        | Found an ancient bone altar of Kikubaaqudgha.
   231 | D        | Found a shadowy altar of Dithmenos.
   231 | D        | Found a viscous altar of Jiyva.
   232 | D        | Found a snail-covered altar of Cheibriados.
   262 | D        | Noticed a hornet
   262 | D        | Noticed a polar bear
   262 | D        | Noticed a yaktaur
   262 | D        | Noticed a polar bear
   271 | D        | Killed a polar bear
   271 | D        | Reached skill level 16 in Polearms
   275 | D        | Noticed a polar bear
   280 | D        | Killed a polar bear
   292 | D        | Killed a yaktaur
   292 | D        | Reached ***** piety under Trog
   292 | D        | Reached skill level 5 in Armour
   292 | D        | Reached XP level 9. HP: 78/85 MP: 9/9
   296 | D        | Killed a hornet
   296 | D        | Reached skill level 17 in Polearms
   301 | D        | HP: 4/85 [polar bear (1)]
   302 | D        | HP: 1/85 [polar bear (3)]
   304 | D        | Slain by a polar bear

Skill      XL: |  1  2  3  4  5  6  7  8  9 |
---------------+----------------------------+-----
Fighting       | 9 10 11 13 | 13.5
Polearms       | 12 13 15 16 17 | 17.1
Armour         | 3 4 5 |  5.2
Dodging        | 6 7 8 9 |  9.1
Stealth        | |  0.8

Action                   |  1- 3 |  4- 6 |  7- 9 || total
-------------------------+-------+-------+-------++-------
Melee: Spear             |     7 |     4 |    69 ||    80
Invok: Berserk           |     1 |       |     3 ||     4
       Brothers in Arms  |       |       |     1 ||     1
  Use: Potion            |       |       |     1 ||     1
  Eat: Chunk             |       |       |     1 ||     1
Armor: Animal skin       |       |       |     2 ||     2
Dodge: Dodged            |     1 |     1 |    22 ||    24
